cohdb
Replays
Latest Replays
All Replays
Popular Replays
Top Player Replays
Match Explorer
How It Works
Community
CoH3 Stats
Reddit
Sign in to upload your games and track your stats! →
Sign in with Steam
Match 42102858
Unlisted
Match 42102858
Overview
Messages
Build Orders
End
Construct Infanterie Kompanie
Kettenkrad Recon Vehicle
Grenadier Squad
Selects Luftwaffe Battlegroup
Selects Luftwaffe Pioneer Support
MG 42 Machine Gun Team
Fallschirmpioneer Squad Paradrop
Selects LG40 Recoilless Gun Paradrop
Grenadier Squad
LG40 Recoilless Gun Paradrop
Construct Panzergrenadier Kompanie
Grenadier Squad
Selects Stuka Strafing Run
Selects Fallschirmjäger Squad Paradrop
Stuka Strafing Run
Medical Bunker
Fallschirmjäger Squad Paradrop
MG 42 Machine Gun Team
Stuka Strafing Run
Construct Panzer Kompanie
Stuka Strafing Run
Panzer IV Medium Tank
Grenadier Squad
Selects Infantry Reserves
Stoßtruppen Squad
Stuka Strafing Run
Panzer IV Medium Tank
Stuka Strafing Run
Stuka Strafing Run
Selects Fragmentation Bombs
Panzer IV Medium Tank
Side Skirts
Panzer Officer Quarters
Support Elements
GeeNo
neet
Tango
Turtleboy
0
0
Comments
sign in to comment!
No comments posted yet!